 Dungeon Crawl Stone Soup version 0.21.1-1-g345015f (webtiles) character file.

76622 dvd the Champion of Chaos (level 15, -4/116 HPs)
             Began as a Demonspawn Monk on July 4, 2018.
             Was the Champion of Makhleb.
             Killed from afar by a starcursed mass (8 damage)
             ... with an accursed screaming
             ... on level 1 of the Abyss.
             The game lasted 01:22:45 (19450 turns).

dvd the Champion of Chaos (Demonspawn Monk)        Turns: 19450, Time: 01:22:46

Health: -4/116     AC: 18    Str: 19    XL:     15   Next: 13%
Magic:  0/34       EV: 13    Int: 13    God:    Makhleb [******]
Gold:   464        SH:  7    Dex: 21    Spells: 12/19 levels left

rFire    . . .     SeeInvis +   b - +9 sword of Zonguldrok {reap}
rCold    + + .     Gourm    .   A - +0 buckler
rNeg     . . .     Faith    .   j - +2 chain mail {rPois}
rPois    +         Spirit   +   (helmet restricted)
rElec    .         Reflect  .   p - scarf {Spirit}
rCorr    .         Harm     .   m - +2 pair of gloves
MR       +....                  z - +0 pair of boots
Stlth    +++.......             L - amulet of regeneration
HPRegen  0.69/turn              W - ring "Memed" {rC+ MP+9 Str+2 Stlth+}
MPRegen  0.24/turn              S - ring of see invisible

@: about to teleport
A: horns 2, thin skeletal structure 3, blink, cold resistance 1, mutation
resistance 1, spiny 2
a: Blink, Minor Destruction, Lesser Servant of Makhleb, Major Destruction,
Greater Servant of Makhleb, Renounce Religion


You were on level 1 of the Abyss.
You worshipped Makhleb.
Makhleb was exalted by your worship.
You were hungry.

You visited 4 branches of the dungeon, and saw 21 of its levels.
You visited the Abyss 1 time.
You also visited: Bailey.

You collected 1959 gold pieces.
You spent 1495 gold pieces at shops.

Inventory:

Hand Weapons
 a - a +6 scimitar of flaming
 b - the +9 sword of Zonguldrok (weapon) {reap}
   (You found it on level 6 of the Lair of Beasts)

   If a monster killed with it leaves a corpse in good enough shape, the corpse
   will be animated as a zombie friendly to the killer.
Missiles
 C - 76 tomahawks of returning (quivered)
Armour
 j - a +2 chain mail of poison resistance (worn)
 m - a +2 pair of gloves (worn)
 p - a scarf of spirit shield (worn)
 t - a +2 cloak of invisibility
 z - a +0 pair of boots (worn)
 A - a +0 buckler (worn)
 F - the +1 ring mail of Dice, Bag, and Bottle {rC- MP+9 Str+3 Int+4}
   (You bought it in a shop on level 2 of the Orcish Mines)

   It affects your strength (+3).
   It affects your intelligence (+4).
   It makes you vulnerable to cold.
   It affects your magic capacity (+9).
 V - a +2 robe of resistance
 X - a +3 leather armour of magic resistance
Jewellery
 o - an uncursed ring of resist corrosion
 v - an uncursed ring of fire
 L - an amulet of regeneration (around neck)
 S - a ring of see invisible (right hand)
 W - the ring "Memed" (left hand) {rC+ MP+9 Str+2 Stlth+}
   (You bought it in a shop on level 2 of the Orcish Mines)

   [ring of stealth]

   It affects your strength (+2).
   It protects you from cold.
   It affects your magic capacity (+9).
   It makes you more stealthy.
Wands
 i - a wand of flame (22)
 r - a wand of scattershot (6)
 u - a wand of enslavement (10)
 J - a wand of random effects (53)
 U - a wand of acid (8)
 Y - a wand of paralysis (16)
 Z - a wand of iceblast (14)
Scrolls
 h - 22 scrolls of identify
 w - 5 scrolls of teleportation
 x - 2 scrolls of fear
 D - a scroll of fog
 E - 2 scrolls of magic mapping
 G - 11 scrolls of remove curse
 H - a scroll of amnesia
 M - 2 scrolls of brand weapon
 N - a scroll of blinking
 T - 2 scrolls of enchant armour
Potions
 d - 3 potions of mutation
 e - 8 potions of curing
 f - 2 potions of flight
 g - 6 potions of haste
 k - a potion of berserk rage
 l - a potion of might
 I - 2 potions of magic
 K - a potion of ambrosia
 O - a potion of invisibility
 P - 3 potions of brilliance
 Q - a potion of heal wounds
 R - 3 potions of cancellation
Books
 n - a book of Air

   Spells                             Type                      Level
   a - Shock                          Conjuration/Air              1
   b - Swiftness                      Charms/Air                   2
   c - Static Discharge               Conjuration/Air              3
   d - Airstrike                      Air                          4
   e - Lightning Bolt                 Conjuration/Air              5
 q - a book of Geomancy

   Spells                             Type                      Level
   a - Sandblast                      Earth                        1
   b - Passwall                       Transmutation/Earth          2
   c - Stone Arrow                    Conjuration/Earth            3
   d - Petrify                        Transmutation/Earth          4
   e - Lee's Rapid Deconstruction     Earth                        5
 s - a book of Enchantments

   Spells                             Type                      Level
   a - Cause Fear                     Hexes                        4
   b - Yara's Violent Unravelling     Hexes/Transmutation          5
   c - Silence                        Hexes/Air                    5
   d - Deflect Missiles               Charms/Air                   6
   e - Discord                        Hexes                        8
 y - a book of Debilitation

   Spells                             Type                      Level
   a - Corona                         Hexes                        1
   b - Slow                           Hexes                        2
   c - Inner Flame                    Hexes/Fire                   3
   d - Portal Projectile              Hexes/Translocation          3
   e - Cause Fear                     Hexes                        4
   f - Leda's Liquefaction            Hexes/Earth                  4
 B - a book of the Sky

   Spells                             Type                      Level
   a - Summon Lightning Spire         Summoning/Air                4
   b - Silence                        Hexes/Air                    5
   c - Deflect Missiles               Charms/Air                   6
   d - Conjure Ball Lightning         Conjuration/Air              6
   e - Tornado                        Air                          9
Comestibles
 c - 37 rations


   Skills:
 + Level 10.3 Fighting
   Level 7.3(10.7) Short Blades
 + Level 12.1(12.8) Long Blades
   Level 1.4 Polearms
 - Level 0.7 Throwing
 + Level 9.8 Armour
 + Level 7.5 Dodging
 + Level 7.4 Stealth
 + Level 7.0 Shields
 + Level 2.9 Spellcasting
 + Level 14.2 Invocations


You had 12 spell levels left.
You knew the following spells:

 Your Spells              Type           Power        Failure   Level  Hunger
a - Shock                 Conj/Air       #...         88%         1    #......
b - Deflect Missiles      Chrm/Air       #.........   100%        6    #######


Dungeon Overview and Level Annotations

Branches:
Dungeon (12/15)            Temple (1/1) D:6            Lair (6/6) D:10
  Swamp (0/4) Lair:2        Snake (0/4) Lair:4        Slime (0/5) Lair:6
    Orc (2/2) D:11            Elf (0/3) Orc:2

Altars:
Ashenzari
Cheibriados
Dithmenos
Elyvilon
Fedhas
Gozag
Hepliaklqana
Kikubaaqudgha
Makhleb
Nemelex Xobeh
Okawaru
Qazlal
Ru
Sif Muna
Trog
Uskayaw
Vehumet
Wu Jian
Xom
Yredelemnul
Zin
The Shining One
Jiyva

Shops:
D:10 (   D:12 %   Orc:1 *   Orc:2 :}=[

Annotations:
D:8 1 runed door
D:12 Erolcha


Innate Abilities, Weirdness & Mutations

You have a pair of horns on your head.
You have an unnaturally thin skeletal structure. (Dex +6, Stealth++)
Your flesh is cold resistant. (rC+)
You are mostly covered in sharp spines.
You can translocate small distances at will.
You are somewhat resistant to further mutation.


Message History

The thrashing horror tramples you.
* * * LOW HITPOINT WARNING * * *
You stumble backwards!
Unknown command.
The thrashing horror roars!
The thrashing horror is struck by your spines.
The thrashing horror tramples you but does no damage.
The thrashing horror barely misses you.
A starcursed mass splits.
The iron imp grins evilly.
Found 19 gold pieces.
The thrashing horror tramples you.
* * * LOW HITPOINT WARNING * * *
You stumble backwards!
The black mamba closely misses you.
A large abomination comes into view.
Unknown command.
The thrashing horror misses you.
The thrashing horror closely misses you.
The black mamba completely misses you.
A starcursed mass splits.
A deafening chorus of shrieks assaults your mind!
You die...

#..# #..# #..#
##..#### #....$.#
#.....# #≈≈ #.....#
≈≈≈≈#..@.X#########
≈≈≈≈#...SX'.......#.
.X..................
.......X............
...#..XX.#.5X..#... .
.. ##.XX###X..##
...###.
...#.....#.....#... .#
......................
.....................


You could see 5 starcursed masses, a thrashing horror, 3 large abominations, a
black mamba and an iron imp.

Vanquished Creatures
  2 stone giants
  Azrael (Orc:2)
  Snorg (D:11)
  An ettin (Orc:2)
  The ghost of olivier the Protected, a journeyman MiFi (D:11)
  Fannar (D:12)
  3 hydras
  An ice dragon (Lair:6)
  Erica (D:9)
  3 two-headed ogres
  The ghost of w0lly the Basher, a novice DsBe of Trog (D:9)
  2 orc high priests
  Sonja (Lair:2)
  4 skeletal warriors (D:11)
  A lindwurm (Lair:6)
  Pikel (D:4)
  A cyclops (D:11)
  6 orc sorcerers
  A manticore (D:12)
  An ugly thing (D:12)
  Maurice (D:8)
  7 elephants
  3 torpor snails (Lair:6)
  5 black mambas
  10 spiny frogs
  3 rime drakes
  10 komodo dragons
  A troll (Orc:1)
  4 hornets
  10 polar bears (Lair:6)
  2 tyrant leeches (Lair:6)
  11 blink frogs
  3 raiju (Lair:6)
  11 hippogriffs
  5 dream sheep
  2 vampires
  2 small abominations (Abyss:1)
  4 wyverns
  2 wraiths
  38 yaks
  4 basilisks
  A steam dragon (D:10)
  3 fire elementals (Orc:2)
  2 neqoxecs (Abyss:1)
  The ghost of n0claF the Firebug, an amateur DrFE (D:3)
  Grum (D:10)
  A hungry ghost (D:10)
  2 nagas (Lair:4)
  7 wargs
  A soldier ant (D:11)
  11 water moccasins
  15 hell hounds
  4 slaves (D:4)
  10 porcupines
  13 black bears
  17 orc warriors
  4 sky beasts
  2 eyes of draining
  An ice beast (D:9)
  8 ogres
  5 centaurs
  33 wolves
  11 crocodiles
  12 bullfrogs
  A wyvern skeleton (D:9)
  3 scorpions
  6 killer bees
  3 electric eels (D:10)
  5 crimson imps
  2 bullfrog zombies
  4 centaur zombies
  7 hounds
  2 jellies
  15 orc priests
  2 centaur skeletons
  3 quasits
  4 bullfrog skeletons
  23 orc wizards
  Jessica (D:2)
  Crazy Yiuf (D:2)
  6 iguanas
  12 worker ants
  A hound zombie (D:10)
  18 gnolls
  A worker ant zombie (D:5)
  13 adders
  A howler monkey skeleton (D:4)
  3 shadow imps
  An adder skeleton (D:10)
  3 worms
  8 dart slugs
  3 leopard geckos
  61 orcs
  7 giant cockroaches
  12 goblins
  16 hobgoblins
  15 jackals
  4 quokkas
  2 ball pythons
  7 bats
  6 frilled lizards
  A giant cockroach zombie (D:3)
  A jackal zombie (D:6)
  17 kobolds
  2 rats (D:1)
  2 plants (Lair:6)
642 creatures vanquished.

Vanquished Creatures (collateral kills)
  A catoblepas (Lair:4)
  A large abomination (Abyss:1)
  A lindwurm (Lair:6)
  A centaur skeleton (D:10)
  A gargoyle (D:12)
  2 torpor snails (Lair:6)
  A tyrant leech (Lair:6)
  A troll (D:10)
  3 hornets (Lair:6)
  2 hippogriffs
  2 yaks (D:9)
  A fire elemental (Orc:2)
  A hell hound (Lair:6)
  A water moccasin (Lair:3)
  A sky beast (D:9)
  7 orc warriors
  An ice beast (D:10)
  An eye of draining (D:9)
  A crocodile (Lair:6)
  2 wolves
  An ogre (Orc:2)
  3 orc priests (Orc:2)
  10 orc wizards
  3 gnolls (Bailey)
  5 orcs
  A hobgoblin (Bailey)
  A kobold (Bailey)
  A fungus (Lair:6)
  3 plants (Lair:6)
60 creatures vanquished.

Vanquished Creatures (others)
  2 orc wizards (Orc:2)
  5 fungi (Lair:6)
  16 plants
23 creatures vanquished.

Grand Total: 725 creatures vanquished

Notes
Turn   | Place    | Note
-------+----------+-------------------------------------------
     0 | D:1      | dvd the Demonspawn Monk began the quest for the Orb.
     0 | D:1      | Reached XP level 1. HP: 18/18 MP: 1/1
   130 | D:1      | Gained mutation: You have a somewhat thin skeletal structure. (Dex +2, Stealth) [demonic ancestry]
   130 | D:1      | Reached XP level 2. HP: 13/24 MP: 2/2
   946 | D:1      | Gained mutation: You are partially covered in sharp spines. [demonic ancestry]
   946 | D:1      | Reached XP level 3. HP: 17/29 MP: 3/3
  1315 | D:2      | Found a runed door.
  1336 | D:2      | Noticed Crazy Yiuf
  1344 | D:2      | Killed Crazy Yiuf
  1344 | D:2      | Reached XP level 4. HP: 21/35 MP: 4/4
  1501 | D:2      | Noticed Jessica
  1544 | D:2      | Killed Jessica
  1780 | D:2      | Reached XP level 5. HP: 39/42 MP: 5/5
  2521 | D:3      | Found a shimmering altar of Xom.
  2553 | D:3      | Noticed n0claF's ghost (amateur DrFE)
  2563 | D:3      | Killed n0claF's ghost
  2563 | D:3      | Reached skill level 1 in Short Blades
  2563 | D:3      | Reached skill level 1 in Armour
  2563 | D:3      | Gained mutation: You have a moderately thin skeletal structure. (Dex +4, Stealth+) [demonic ancestry]
  2563 | D:3      | Reached XP level 6. HP: 41/48 MP: 6/6
  3417 | D:4      | Noticed a slave
  3418 | D:4      | Noticed a slave
  3502 | D:4      | Reached XP level 7. HP: 49/54 MP: 7/7
  4003 | D:4      | Noticed Pikel
  4031 | D:4      | Killed Pikel
  4031 | D:4      | Gained mutation: You are mostly covered in sharp spines. [demonic ancestry]
  4031 | D:4      | Reached XP level 8. HP: 47/61 MP: 8/8
  4080 | D:5      | Entered Level 5 of the Dungeon
  4321 | D:5      | Learned a level 1 spell: Shock
  4338 | D:5      | Reached skill level 1 in Shields
  4892 | D:6      | Reached skill level 5 in Short Blades
  5189 | D:6      | Found a staircase to the Ecumenical Temple.
  5202 | D:6      | Reached skill level 5 in Fighting
  5217 | Temple   | Entered the Ecumenical Temple
  5285 | Temple   | Became a worshipper of Makhleb the Destroyer
  5285 | Temple   | Reached * piety under Makhleb
  5285 | Temple   | Reached ** piety under Makhleb
  5399 | D:6      | Reached skill level 5 in Armour
  5701 | D:6      | Found a glowing golden altar of the Shining One.
  5702 | D:6      | Found a sparkling altar of Nemelex Xobeh.
  5704 | D:6      | Found a shattered altar of Ashenzari.
  5704 | D:6      | Found a sacrificial altar of Ru.
  5706 | D:6      | Found a white marble altar of Elyvilon.
  5707 | D:6      | Found a shimmering altar of Xom.
  5715 | D:6      | Gained mutation: Your flesh is cold resistant. (rC+) [demonic ancestry]
  5715 | D:6      | Reached XP level 9. HP: 68/68 MP: 9/9
  5747 | D:6      | Reached skill level 1 in Invocations
  6077 | D:7      | Reached skill level 2 in Invocations
  6089 | D:7      | Reached skill level 3 in Invocations
  6204 | D:7      | Reached skill level 4 in Invocations
  6301 | D:7      | Reached skill level 5 in Dodging
  6359 | D:7      | Found a flagged portal.
  6376 | Bailey   | Entered a bailey
  6460 | Bailey   | Reached *** piety under Makhleb
  6575 | Bailey   | Reached skill level 5 in Invocations
  6930 | D:7      | Reached skill level 6 in Invocations
  6939 | D:7      | Found a shadowy altar of Dithmenos.
  7156 | D:7      | Found a deep blue altar of Sif Muna.
  7252 | D:8      | Found a runed door.
  7252 | D:8      | Noticed a sixfirhy
  7417 | D:8      | Found a hazy altar of Hepliaklqana.
  7466 | D:8      | Noticed Maurice
  7481 | D:8      | Killed Maurice
  7481 | D:8      | Reached skill level 1 in Polearms
  7481 | D:8      | Reached skill level 7 in Invocations
  7481 | D:8      | Reached XP level 10. HP: 74/74 MP: 15/15
  7967 | D:9      | Reached skill level 8 in Invocations
  8048 | D:9      | Noticed w0lly's ghost (novice DsBe)
  8060 | D:9      | Killed w0lly's ghost
  8060 | D:9      | Reached skill level 5 in Stealth
  8116 | D:9      | Reached skill level 9 in Invocations
  8332 | D:9      | Noticed Erica
  8334 | D:9      | Killed Erica
  8582 | D:9      | Reached skill level 5 in Long Blades
  8582 | D:9      | Gained mutation: You have an unnaturally thin skeletal structure. (Dex +6, Stealth++) [demonic ancestry]
  8582 | D:9      | Reached XP level 11. HP: 84/84 MP: 18/18
  8633 | D:10     | Entered Level 10 of the Dungeon
  8698 | D:10     | Noticed a two-headed ogre
  8706 | D:10     | Killed a two-headed ogre
  8709 | D:10     | Reached skill level 10 in Invocations
  8739 | D:10     | Reached **** piety under Makhleb
  8874 | D:10     | Noticed Grum
  8894 | D:10     | Killed Grum
  8999 | D:10     | Found a staircase to the Lair.
  9013 | D:10     | Gained mutation: You have a pair of small horns on your head. [demonic ancestry]
  9013 | D:10     | Reached XP level 12. HP: 91/91 MP: 19/19
  9177 | D:10     | Gained mutation: Scrolls take you a little longer to read. [potion of mutation]
  9177 | D:10     | Gained mutation: You are dopey. (Int -2) [potion of mutation]
  9177 | D:10     | Gained mutation: You have a pair of horns on your head. [potion of mutation]
  9178 | D:10     | Lost mutation: Scrolls take you a little longer to read. [potion of mutation]
  9178 | D:10     | Lost mutation: You have a pair of horns on your head. [potion of mutation]
  9178 | D:10     | Lost mutation: You are dopey. (Int -2) [potion of mutation]
  9178 | D:10     | Gained mutation: You have a pair of horns on your head. [potion of mutation]
  9178 | D:10     | Gained mutation: You can translocate small distances at will. [potion of mutation]
  9178 | D:10     | Gained mutation: You are somewhat resistant to further mutation. [potion of mutation]
  9183 | D:10     | Found Uruxyoh's Weapon Shoppe.
  9483 | Lair:1   | Entered Level 1 of the Lair of Beasts
  9741 | Lair:1   | Noticed a four-headed hydra
  9748 | Lair:1   | Killed a three-headed hydra
  9748 | Lair:1   | Reached skill level 11 in Invocations
 10581 | Lair:1   | Reached skill level 12 in Invocations
 10741 | Lair:2   | Found a staircase to the Swamp.
 10848 | Lair:2   | Noticed Sonja
 10855 | Lair:2   | Killed Sonja
 11327 | Lair:2   | Reached skill level 5 in Shields
 11512 | Lair:3   | Learned a level 6 spell: Deflect Missiles
 11965 | Lair:3   | Reached XP level 13. HP: 90/98 MP: 22/22
 12671 | Lair:4   | Found a staircase to the Snake Pit.
 13682 | Lair:5   | Reached ***** piety under Makhleb
 13823 | Lair:5   | Reached skill level 13 in Invocations
 14234 | Lair:6   | Entered Level 6 of the Lair of Beasts
 14663 | Lair:6   | Reached skill level 10 in Long Blades
 14690 | Lair:6   | Mutation became permanent: You have a pair of small horns on your head. [demonic ancestry]
 14690 | Lair:6   | Gained mutation: You have a pair of horns on your head. [demonic ancestry]
 14690 | Lair:6   | Reached XP level 14. HP: 108/108 MP: 11/24
 14702 | Lair:6   | Found the +9 sword of Zonguldrok {reap}
 15224 | Lair:6   | Found a viscous altar of Jiyva.
 15224 | Lair:6   | Found a staircase to the Slime Pits.
 15348 | Lair:6   | Found a runed door.
 15381 | Lair:6   | Paralysed by a hornet for 2 turns
 15417 | Lair:6   | Reached ****** piety under Makhleb
 15439 | Lair:6   | Paralysed by a hornet for 3 turns
 16319 | D:11     | Found a staircase to the Orcish Mines.
 16426 | D:11     | Noticed olivier's ghost (journeyman MiFi)
 16495 | D:11     | Killed olivier's ghost
 16577 | D:11     | Noticed Snorg
 16592 | D:11     | Killed Snorg
 16908 | Orc:1    | Entered Level 1 of the Orcish Mines
 16908 | Orc:1    | Found Kucuucwi's General Store.
 16908 | Orc:1    | Noticed a stone giant
 17134 | Orc:1    | Bought a +3 leather armour of magic resistance for 288 gold pieces
 17134 | Orc:1    | Bought a +2 chain mail of poison resistance for 222 gold pieces
 17134 | Orc:1    | Bought a potion of heal wounds for 60 gold pieces
 17249 | Orc:2    | Entered Level 2 of the Orcish Mines
 17262 | Orc:2    | Reached skill level 10 in Fighting
 17307 | Orc:2    | Found a staircase to the Elven Halls.
 17383 | Orc:2    | Noticed a stone giant
 17400 | Orc:2    | Killed a stone giant
 17550 | Orc:2    | Found Cixzirorr's Gadget Shoppe.
 17550 | Orc:2    | Found Ogibidyo's Antique Armour Emporium.
 17551 | Orc:2    | Found Onielafo's Jewellery Emporium.
 17555 | Orc:2    | Found Gaixzayt's Book Shoppe.
 17649 | Orc:2    | Bought the ring "Memed" {rC+ MP+9 Str+2 Stlth+} for 655 gold pieces
 17652 | Orc:2    | Bought a dazzling ring mail for 270 gold pieces
 17664 | Orc:2    | Identified the +1 ring mail of Dice, Bag, and Bottle {rC- MP+9 Str+3 Int+4} (You bought it in a shop on level 2 of the Orcish Mines)
 17771 | Orc:2    | Noticed Azrael
 17783 | Orc:2    | Killed Azrael
 17783 | Orc:2    | Reached skill level 14 in Invocations
 18438 | D:11     | Killed a stone giant
 18438 | D:11     | Reached XP level 15. HP: 113/115 MP: 25/25
 18724 | D:12     | Found Sonkiy's Food Boutique.
 19008 | D:12     | Noticed Fannar
 19024 | D:12     | Killed Fannar
 19121 | D:12     | Noticed Erolcha
 19125 | D:12     | Cast into level 1 of the Abyss (Erolcha)
 19214 | Abyss:1  | Found a roughly hewn altar of Beogh.
 19424 | Abyss:1  | HP: 3/116 [large abomination (13)]
 19441 | Abyss:1  | HP: 3/116 [black mamba (shapeshifter) (8)]
 19449 | Abyss:1  | HP: 4/116 [thrashing horror (4)]
 19450 | Abyss:1  | Killed from afar by a starcursed mass

Skill      XL: |  1  2  3  4  5  6  7  8  9 10 11 12 13 14 15 |
---------------+----------------------------------------------+-----
Dodging        | 3 4 5 6 7 |  7.5
Long Blades    | 3 4 5 7 10 11 12 | 12.1
Stealth        | 2 3 4 5 6 7 |  7.4
Short Blades   | 1 2 3 5 6 7 |  7.3
Armour         | 1 2 3 5 6 7 8 9 |  9.8
Fighting       | 4 5 7 8 9 10 | 10.3
Shields        | 1 3 4 5 6 7 |  7.0
Invocations    | 7 9 10 12 13 14 | 14.2
Polearms       | 1 |  1.4
Spellcasting   | 2 |  2.9
Throwing       | |  0.7

Action                   |  1- 3 |  4- 6 |  7- 9 | 10-12 | 13-15 || total
-------------------------+-------+-------+-------+-------+-------++-------
Melee: Falchion          |    85 |       |       |       |       ||    85
       Dagger            |     6 |   163 |   306 |    92 |       ||   567
       Halberd           |       |       |     5 |       |       ||     5
       Scimitar          |       |       |       |   216 |   374 ||   590
       Headbutt          |       |       |       |    59 |   273 ||   332
       Double sword      |       |       |       |       |   427 ||   427
Throw: Tomahawk          |       |       |     3 |       |       ||     3
Invok: Minor Destruction |       |       |    66 |    90 |   100 ||   256
       Lesser Servant of |       |       |     2 |     7 |    10 ||    19
       Major Destruction |       |       |       |     2 |       ||     2
 Abil: Blink             |       |       |       |       |     1 ||     1
  Use: Scroll            |       |       |    15 |     5 |     7 ||    27
       Potion            |       |       |     2 |    15 |     6 ||    23
 Stab: Sleeping          |     3 |     4 |     6 |    13 |     8 ||    34
       Distracted        |       |       |       |     3 |    10 ||    13
  Eat: Chunk             |     1 |     7 |    13 |    12 |    24 ||    57
       Ration            |       |       |       |     1 |       ||     1
Armor: Robe              |     8 |       |       |     8 |       ||    16
       Ring mail         |     9 |    15 |       |       |       ||    24
       Scale mail        |       |    33 |       |       |       ||    33
       Chain mail        |       |       |    89 |    83 |   348 ||   520
       Leather armour    |       |       |    20 |    17 |       ||    37
Dodge: Dodged            |    63 |    65 |   119 |   140 |   380 ||   767
Block: Buckler           |       |     7 |    43 |    85 |   278 ||   413
       Rpst.: Falchion   |    20 |       |       |       |       ||    20
       Scimitar          |       |       |       |    24 |    53 ||    77
       Double sword      |       |       |       |       |    52 ||    52
